 Dungeon Sprint DCSS version 0.26-a0-665-gefeb406119 (webtiles) character file.

Game seed: 13975318449811475715

2443 sahdkjhfkaj the Whirler (level 9, -8/64 HPs)
             Began as a Halfling Hunter on Oct 14, 2020.
             Was a Follower of Ashenzari.
             Killed from afar by a deep elf mage (45 damage)
             ... with a bolt of magma
             ... in the Dungeon (Sprint V: "Ziggurat Sprint").
             The game lasted 00:01:58 (285 turns).

sahdkjhfkaj the Whirler (Halfling Hunter)            Turns: 285, Time: 00:01:59

Health: -8/64      AC: 28    Str: 31    XL:     9   Next: 78%
Magic:  0/9        EV:  9    Int:  9    God:    Ashenzari [*.....]
Gold:   0          SH: 32    Dex: 15    Spells: 8/8 levels left

rFire    x . .     SeeInvis .   G - +5 hunting sling (curse)
rCold    . . .     Faith    .   b - +18 shield of the Gong {rElec rN+ MR+ EV-5} (curse)
rNeg     + . .     Spirit   +   a - +15 Maxwell's patent armour {-Cast -Tele rElec MR+ rCorr} (curse)
rPois    .         Reflect  .   (no helmet)
rElec    +         Harm     .   (no cloak)
rCorr    +         Rampage  .   (no gloves)
MR       +++..     NoTele   +   (no boots) Stlth ..........NoCast +
                                u - amulet "Kaufa" {Spirit +Inv rF- MR+ Str+3 Slay+3}
HPRegen  0.20/turn              B - +6 ring of strength (curse)
MPRegen  0.11/turn              C - +6 ring of strength (curse)

@: no status effects
A: small, mutation resistance 1
a: Curse Item, Scrying, Renounce Religion, Evoke Invisibility


You were in the Dungeon.
You worshipped Ashenzari.
Ashenzari was aware of your devotion.
You visited 1 branch

Inventory:

Hand Weapons
 G - a cursed +5 hunting sling (weapon)
Missiles
 d - 987 sling bullets (quivered)
Armour
 a - the cursed +15 Maxwell's patent armour (worn) {-Cast -Tele rElec MR+ rCorr}
   (You found it in the Dungeon)

   It insulates you from electricity.
   It affects your resistance to hostile enchantments.
   It prevents spellcasting.
   It prevents most forms of teleportation.
   It provides partial protection from all sources of acid and corrosion.
   It has a curse placed upon it.
 b - the cursed +18 shield of the Gong (worn) {rElec rN+ MR+ EV-5}
   (You found it in the Dungeon)

   It affects your evasion (-5).
   It insulates you from electricity.
   It protects you from negative energy.
   It affects your resistance to hostile enchantments.
   It has a curse placed upon it.
Jewellery
 u - the amulet "Kaufa" (around neck) {Spirit +Inv rF- MR+ Str+3 Slay+3}
   (You found it in the Dungeon)

   [amulet of guardian spirit]

   It causes incoming damage to be split between your health and magic.
   It affects your strength (+3).
   It affects your accuracy and damage with ranged weapons and melee attacks
   (+3).
   It makes you vulnerable to fire.
   It affects your resistance to hostile enchantments.
   It lets you turn invisible.
 w - an uncursed ring of flight
 x - a +6 ring of dexterity
 y - a +6 ring of dexterity
 z - a +6 ring of intelligence
 A - a +6 ring of intelligence
 B - a cursed +6 ring of strength (left hand)
 C - a cursed +6 ring of strength (right hand)
Wands
 D - a wand of disintegration (7)
 E - a wand of iceblast (7)
 F - a wand of acid (7)
Scrolls
 j - 4 scrolls of blinking
 q - 4 scrolls of amnesia
 r - 7 scrolls of fog
 s - a scroll of holy word
 t - 5 scrolls of identify
 v - 2 scrolls of fear
Potions
 e - 10 potions of curing
 f - 10 potions of heal wounds
 g - 6 potions of haste
 h - 7 potions of magic
 i - 3 potions of berserk rage
 k - 2 potions of brilliance
 l - 2 potions of invisibility
 m - 4 potions of resistance
 o - 5 potions of stabbing
 p - 5 potions of might
Miscellaneous
 c - a lightning rod (4/4)


   Skills:
 + Level 7.5 Fighting
 * Level 15.7 Slings
 + Level 8.7 Armour
 + Level 9.0 Dodging
 - Level 1.1 Stealth
 * Level 11.9 Shields


You had 8 spell levels left.
You didn't know any spells.
Your spell library was empty.

Dungeon Overview and Level Annotations

Branches:
Dungeon (1/1)

Altars:
Ashenzari
Cheibriados
Dithmenos
Elyvilon
Fedhas
Gozag
Hepliaklqana
Kikubaaqudgha
Makhleb
Nemelex Xobeh
Okawaru
Qazlal
Ru
Sif Muna
Trog
Uskayaw
Vehumet
Wu Jian
Xom
Yredelemnul
Zin
The Shining One
Beogh
Jiyva
Lugonu

Annotations:
D 1 transporter


Innate Abilities, Weirdness & Mutations

You are small and have problems with some larger weapons.
You are somewhat resistant to further mutation.


Message History

Firing (i - inventory)
d - 988 sling bullets (quivered)
Press: ? - help, Shift-Dir - straight line, f/p - +0 long sword of holy wrath
Aim: a +0 long sword of holy wrath (severely damaged)
You shoot a sling bullet.
The sling bullet hits the +0 long sword of holy wrath.
The +0 long sword of holy wrath is severely damaged.
You block the earth elemental's attack.
GONNNNG!
You block the earth elemental's attack.
BOUMMMMG!
You block the +0 long sword of holy wrath's attack.
SHROANNG!
You block the earth elemental's attack.
GONNNNG!
The deep elf mage casts a spell at you.
The bolt of magma hits the earth elemental!
The earth elemental partially resists.
The bolt of magma hits you!!! The lava burns you terribly!
Ouch! That really hurt!
You die...

▓..©..▓..©..▓▓▓▓▓▓▓
▓▓▓▓▓▓▓▓▓▓▓▓▓▓
▓..8©8...▓
▓..|)|...▓
▓...)...(▓
▓(..(....▓
..e(....▓
▓.▓EE(.▓.▓
▓...@E...▓
▓▓▓▓▓▓▓▓▓▓


You could see 3 earth elementals, a deep elf mage and a +0 long sword of holy
wrath.

Vanquished Creatures
  A dancing weapon (D)
  A deep elf mage (D)
  A tarantella (D)
  An eye of draining (D)
  3 black bears (D)
  A wolf (D)
  2 scorpions (D)
  A jelly (D)
11 creatures vanquished.

Notes
Turn   | Place    | Note
-------+----------+-------------------------------------------
     0 | D        | sahdkjhfkaj the Halfling Hunter began the quest for the
                  | Orb.
     0 | D        | Reached XP level 1. HP: 14/14 MP: 1/1
     0 | D        | Found a shimmering blue altar of Sif Muna.
     0 | D        | Found a sacrificial altar of Ru.
     0 | D        | Found a bloodstained altar of Trog.
     0 | D        | Found a stormy altar of Qazlal.
     0 | D        | Found an iron altar of Okawaru.
     0 | D        | Found a sparkling altar of Nemelex Xobeh.
     0 | D        | Found a blossoming altar of Fedhas.
     1 | D        | Found the +6 Majin-Bo {vamp, MP+6 Int+6}
     1 | D        | Found the +9 heavy crossbow "Sniper" {vorpal, Acc+∞ SInv}
     1 | D        | Found the +10 dark maul {vorpal}
     1 | D        | Found the +15 Maxwell's patent armour {-Cast -Tele rElec
                  | MR+ rCorr}
     1 | D        | Found the +18 shield of the Gong {rElec rN+ MR+ EV-5}
     1 | D        | Found the cursed +14 obsidian axe {vorpal, +Fly SInv
                  | *Curse}
     1 | D        | Found the +7 great mace "Firestarter" {inner flame, rF++}
     1 | D        | Found the +6 shillelagh "Devastator" {shatter}
     1 | D        | Found the +11 plutonium sword {*Contam Stlth-}
     1 | D        | Found the +8 lance "Wyrmbane" {slay drac, rPois rF+ rC+
                  | AC+3}
     1 | D        | Found the +9 sword of Zonguldrok {reap}
     1 | D        | Found the cursed +13 scythe of Curses {drain, *Curse}
     1 | D        | Found the +0 sword of Power
     1 | D        | Found the +7 mace of Variability {chain chaos}
     1 | D        | Found the +7 Singing Sword {vorpal, sonic wave}
     1 | D        | Found the +8 storm bow {elec, penet}
     2 | D        | Found a transporter.
     2 | D        | Found an ancient bone altar of Kikubaaqudgha.
     2 | D        | Found a viscous altar of Jiyva.
     2 | D        | Found a corrupted altar of Lugonu.
     2 | D        | Found a hazy altar of Hepliaklqana.
     2 | D        | Found a burning altar of Makhleb.
     2 | D        | Found an opulent altar of Gozag.
    52 | D        | Became a worshipper of Ashenzari the Shackled
   104 | D        | Entered arena 2.
   104 | D        | Noticed an eye of draining
   104 | D        | Noticed a jelly
   104 | D        | Found a transporter.
   113 | D        | Killed a jelly
   113 | D        | Reached skill level 7 in Slings
   113 | D        | Reached XP level 2. HP: 20/20 MP: 0/2
   113 | D        | Reached XP level 3. HP: 25/25 MP: 0/3
   117 | D        | Killed an eye of draining
   117 | D        | Reached skill level 9 in Slings
   117 | D        | Reached skill level 5 in Shields
   117 | D        | Reached XP level 4. HP: 33/33 MP: 0/4
   117 | D        | Reached XP level 5. HP: 37/37 MP: 0/5
   176 | D        | Entered arena 3.
   176 | D        | Noticed a tarantella
   176 | D        | Found a transporter.
   176 | D        | Reached * piety under Ashenzari
   181 | D        | Killed a tarantella
   181 | D        | Reached skill level 11 in Slings
   181 | D        | Reached skill level 5 in Armour
   181 | D        | Reached skill level 5 in Dodging
   181 | D        | Reached XP level 6. HP: 44/44 MP: 6/6
   188 | D        | Reached skill level 5 in Fighting
   188 | D        | Reached XP level 7. HP: 50/50 MP: 7/7
   197 | D        | Got the amulet "Kaufa" {Spirit +Inv rF- MR+ Str+3 Slay+3}
   214 | D        | Entered arena 4.
   214 | D        | Found a transporter.
   217 | D        | Reached skill level 12 in Slings
   227 | D        | Reached skill level 13 in Slings
   227 | D        | Reached XP level 8. HP: 53/57 MP: 6/8
   260 | D        | Entered arena 5.
   260 | D        | Noticed a +2 dire flail of holy wrath
   260 | D        | Noticed a deep elf mage
   260 | D        | Noticed a +0 long sword of holy wrath
   260 | D        | Noticed a deep elf mage
   260 | D        | Found a transporter.
   261 | D        | Identified the +2 scimitar "Lyrumn" {speed, rN++ Dex+3}
   261 | D        | Reached skill level 14 in Slings
   261 | D        | Reached skill level 10 in Shields
   261 | D        | Reached XP level 9. HP: 63/63 MP: 9/9
   272 | D        | Killed a deep elf mage
   277 | D        | Killed a +2 dire flail of holy wrath
   277 | D        | Reached skill level 15 in Slings
   285 | D        | Killed from afar by a deep elf mage

Illustrated notes

Levels and vault maps discovered:
D:        sprint_v [room_start, room_1, room_2, room_3, room_4, room_5, room_6,
          room_7, room_8, room_9, room_10, room_11, room_12, room_13, room_14,
          room_15, room_16, room_17, room_18, room_19, room_20, room_21,
          room_22, room_23, room_24, room_25, room_26, room_27]

Skill      XL: |  1  2  3  4  5  6  7  8  9 |
---------------+----------------------------+-----
Fighting       | 2 3 4 5 6 7 |  7.5
Slings         | 7 9 11 13 14 15 | 15.7
Armour         | 2 3 5 6 7 8 |  8.7
Dodging        | 3 4 5 6 7 9 |  9.0
Shields        | 3 5 7 9 10 11 | 11.9
Stealth        | |  1.1

Action                   |  1- 3 |  4- 6 |  7- 9 || total
-------------------------+-------+-------+-------++-------
 Fire: Hunting sling     |    13 |    12 |    37 ||    62
Invok: Curse Item        |     5 |       |       ||     5
  Use: Potion            |       |       |     1 ||     1
Armor: Plate armour      |     1 |       |    16 ||    17
Dodge: Dodged            |       |     1 |     4 ||     5
Block: Kite shield       |     6 |     8 |    60 ||    74

Table legend: (Time is in decaauts)
 A = Elapsed time spent in this place.
 B = Non-inter-level travel time spent in this place.
 C = Inter-level travel time spent in this place.
 D = Time resting spent in this place.
 E = Time spent auto-exploring this place.
 F = Levels seen in this place.
 G = Mean time per level.
                   A        B        C        D        E       F      G
               +--------+--------+--------+--------+--------+-----+--------+
         Total |    268 |    268 |      0 |      0 |    119 |   1 |  268.0 |
       Dungeon |    268 |    268 |      0 |      0 |    119 |   1 |  268.0 |
               +--------+--------+--------+--------+--------+-----+--------+

Top non-repeatable levels by time:
       D: 268 daAuts
